 Dungeon Crawl Stone Soup version 0.20-a0-772-g73021bd (webtiles) character file.

9324 The3ase the Cleaver (level 11, -5/85 HPs)
             Began as a Minotaur Berserker on Feb 26, 2017.
             Was a High Priest of Trog.
             Slain by a fire elemental (8 damage)
             ... led by Azrael
             ... on level 1 of the Orcish Mines.
             The game lasted 00:33:45 (11117 turns).

The3ase the Cleaver (Minotaur Berserker)           Turns: 11117, Time: 00:33:45

Health: -5/85      AC: 17    Str: 25    XL:     11   Next: 21%
Magic:  10/10      EV:  8    Int: 11    God:    Trog [*****.]
Gold:   503        SH:  0    Dex: 10    Spells: 10/10 levels left

rFire    . . .     SeeInvis .   J - +9 dagger of Epiwir {venom, Int+7}
rCold    . . .     Gourm    .   N - +0 plate armour
rNeg     + . .     Faith    .   (no shield)
rPois    .         Spirit   .   (helmet restricted)
rElec    .         Reflect  .   C - +0 cloak
rCorr    +         Harm     .   q - +0 pair of gloves
MR       .....                  s - +2 pair of boots
Stlth    ..........             (no amulet)
Regen    0.3/turn               r - ring of resist corrosion
MPRegen  0.2/turn               u - ring of positive energy

@: about to teleport, starving
A: retaliatory headbutt, horns 2
a: Berserk, Trog's Hand, Brothers in Arms, Burn Spellbooks, Renounce Religion


You were on level 1 of the Orcish Mines.
You worshipped Trog.
Trog was extremely pleased with you.
You were starving.

You visited 2 branches of the dungeon, and saw 12 of its levels.

You collected 503 gold pieces.

Inventory:

Hand Weapons
 a - a +0 hand axe
 w - a cursed -3 whip
 B - a +5 flail of holy wrath
 F - a +0 war axe
 H - a +2 longbow of flaming
 J - the +9 dagger of Epiwir (weapon) {venom, Int+7}
   (You found it on level 9 of the Dungeon)

   It poisons the flesh of those it strikes.
   It affects your intelligence (+7).
Armour
 q - a +0 pair of gloves (worn)
 s - a +2 pair of boots (worn)
 C - a +0 cloak (worn)
 N - a +0 plate armour (worn)
Jewellery
 e - a +6 amulet of reflection {unknown}
 g - an uncursed ring of magical power
 r - a ring of resist corrosion (right hand)
 u - a ring of positive energy (left hand)
 G - a +3 ring of dexterity
Wands
 t - a wand of clouds (5/9)
 D - a wand of confusion (25/48)
 I - a wand of random effects (23/48)
Scrolls
 d - 5 scrolls of identify
 f - a scroll of immolation
 h - 5 scrolls of teleportation
 j - 2 scrolls of blinking
 m - a scroll of enchant weapon
 o - 4 scrolls of remove curse
 p - 2 scrolls of magic mapping
 L - 2 scrolls of holy word {unknown}
Potions
 b - a potion of flight
 k - a potion of haste {unknown}
 l - a potion of berserk rage
 n - a potion of ambrosia
 x - a potion of might {unknown}
 E - a potion of lignification
 M - a potion of curing
Books
 y - a book of Battle

   Spells                             Type                      Level
   a - Infusion                       Charms                       1
   b - Shroud of Golubria             Charms/Translocation         2
   c - Song of Slaying                Charms                       2
   d - Spectral Weapon                Hexes/Charms                 3
   e - Regeneration                   Charms/Necromancy            3
   Trog disapproves of the use of such an item.
Comestibles
 c - 8 bread rations
 i - 2 meat rations
 z - 8 fruits
 K - 18 royal jellies


   Skills:
 + Level 4.4 Fighting
 + Level 12.4 Short Blades
 - Level 14.5 Axes
 + Level 4.5 Armour
 + Level 2.4 Dodging
 - Level 0.5 Evocations


You had 10 spell levels left.
You didn't know any spells.

Dungeon Overview and Level Annotations

Branches:
Dungeon (10/15)            Temple (0/1) D:7            Lair (0/6) D:8
    Orc (2/2) D:9
    Elf: Orc:2

Altars:
Ashenzari
Dithmenos
Fedhas
Gozag
Nemelex Xobeh
Okawaru
Ru
Sif Muna
Trog
Xom
Yredelemnul
Zin
The Shining One
Beogh

Shops:
D:8 ?[}}*

Annotations:
Orc:1 Azrael


Innate Abilities, Weirdness & Mutations

You reflexively headbutt those who attack you in melee.
You have a pair of horns on your head.


Message History

You climb upwards.
There is a stone staircase leading down, spattered with blood here.
You hit Azrael.
Azrael is poisoned.
Your headbutt misses Azrael.
Azrael is lightly wounded.
Azrael hits you with a scimitar of flaming.
Azrael burns you. The fire elemental barely misses you.
You hit Azrael but do no damage. You hit Azrael but do no damage.
The fire elemental hits you. The fire elemental burns you!
As you read the scroll of teleportation, it crumbles to dust.
You feel strangely unstable. Azrael closely misses you.
The fire elemental hits you. The fire elemental burns you!
Azrael gestures at you.
The fireball explodes!
The fireball engulfs the fire elemental.
The fire elemental completely resists.
The fireball engulfs Azrael.
Azrael completely resists.
The fireball engulfs you!
* * * LOW HITPOINT WARNING * * *
The fire elemental hits you. The fire elemental burns you!
You die...

..#......##.)[)# ###
..........#..<##### ##.##
#.....#.#....####.### ##...##
#....####....# #....####.....#
....#####..#####......#.....##
..#....########§§.#..###.....####
..##....## #..§..#.......#...#.#
.###.....# #..E####....#####...#
.##.....## #...@###..#..##...#.#
..#...### ###......###..#..####
.....## #......# #.....# ##
.....# ###....###...### #. ##.###
###......##......###. ###
#.....#..#....#..#...
#............##......
#.._....#....###....#
#............##......


You could see a fire elemental.

Vanquished Creatures
  An orc knight (D:9)
  A queen bee (D:9)
  A troll (D:8)
  A hippogriff (D:8)
  Sigmund (D:4)
  A wyvern (D:8)
  3 fire elementals
  2 wargs
  2 soldier ants (D:9)
  A hell hound (Orc:1)
  6 orc warriors
  Duvessa (D:4)
  2 ice beasts
  A sky beast (D:9)
  A black bear (D:7)
  The ghost of silverhex the Skirmisher, an amateur MiAK of Lugonu (D:5)
  5 wolves (D:8)
  11 ogres
  5 centaurs
  Blork the orc (D:5)
  A big kobold (D:9)
  8 bullfrogs
  Dowan (D:4)
  A scorpion (D:8)
  42 killer bees
  An electric eel (D:8)
  2 howler monkeys
  2 crimson imps (D:9)
  A bullfrog zombie (D:6)
  4 hounds
  6 orc priests
  A centaur skeleton (D:9)
  Crazy Yiuf (D:5)
  A centaur zombie (D:5)
  2 jellies
  10 orc wizards
  3 bullfrog skeletons
  Ijyb (D:2)
  2 iguanas (D:8)
  7 worker ants
  Natasha (twice) (D:4)
  4 gnolls
  8 adders
  3 shadow imps
  An ooze (D:2)
  2 adder zombies (D:7)
  2 adder skeletons
  2 worms
  3 dart slugs
  6 leopard geckos
  33 orcs
  8 bats
  4 giant cockroaches
  8 goblins
  5 hobgoblins
  2 jackals (D:7)
  7 kobolds
  3 quokkas
  7 frilled lizards
  3 rats
258 creatures vanquished.

Notes
Turn   | Place    | Note
-------+----------+-------------------------------------------
     0 | D:1      | The3ase the Minotaur Berserker began the quest for the Orb.
     0 | D:1      | Reached XP level 1. HP: 19/19 MP: 0/0
    73 | D:1      | Reached skill level 4 in Axes
   201 | D:1      | Reached XP level 2. HP: 20/26 MP: 1/1
   821 | D:2      | Found a deep blue altar of Sif Muna.
   888 | D:2      | Reached skill level 5 in Axes
   905 | D:2      | Reached XP level 3. HP: 31/31 MP: 2/2
  1018 | D:2      | Reached ** piety under Trog
  1198 | D:1      | Reached skill level 6 in Axes
  1198 | D:1      | Reached XP level 4. HP: 36/39 MP: 3/3
  1570 | D:2      | Noticed Ijyb
  1584 | D:2      | Killed Ijyb
  1584 | D:2      | Reached XP level 5. HP: 31/45 MP: 4/4
  1647 | D:2      | Found a sacrificial altar of Ru.
  1933 | D:3      | Reached skill level 7 in Axes
  2106 | D:3      | Found a glowing golden altar of the Shining One.
  2516 | D:3      | Noticed an angel
  2517 | D:3      | Found a shimmering altar of Xom.
  2518 | D:3      | Found a glowing silver altar of Zin.
  2724 | D:4      | Noticed Sigmund
  2736 | D:4      | Killed Sigmund
  2736 | D:4      | Reached skill level 8 in Axes
  2736 | D:4      | Reached XP level 6. HP: 38/51 MP: 5/5
  2747 | D:4      | Noticed Natasha
  2754 | D:4      | Killed Natasha
  2972 | D:4      | Reached skill level 9 in Axes
  3015 | D:4      | Found a shadowy altar of Dithmenos.
  3030 | D:4      | Noticed Natasha
  3206 | D:4      | Killed Natasha
  3403 | D:4      | Reached XP level 7. HP: 53/57 MP: 6/6
  3507 | D:4      | Noticed Duvessa
  3507 | D:4      | Noticed Dowan
  3517 | D:4      | Killed Duvessa
  3517 | D:4      | Reached skill level 10 in Axes
  3523 | D:4      | Killed Dowan
  3686 | D:4      | Reached skill level 11 in Axes
  3884 | D:5      | Entered Level 5 of the Dungeon
  3887 | D:5      | Noticed silverhex's ghost (amateur MiAK)
  3889 | D:5      | Reached *** piety under Trog
  3907 | D:5      | Killed silverhex's ghost
  3907 | D:5      | Reached XP level 8. HP: 61/64 MP: 7/7
  4074 | D:5      | Reached skill level 12 in Axes
  4225 | D:5      | Found a runed door.
  4395 | D:5      | Found a sparkling altar of Nemelex Xobeh.
  4683 | D:5      | Noticed Blork the orc
  4696 | D:5      | Killed Blork the orc
  4864 | D:5      | Found a bloodstained altar of Trog.
  4918 | D:5      | Noticed Crazy Yiuf
  4926 | D:5      | Killed Crazy Yiuf
  5061 | D:6      | Reached skill level 13 in Axes
  5420 | D:7      | Found a staircase to the Ecumenical Temple.
  5592 | D:7      | Reached XP level 9. HP: 36/70 MP: 8/8
  5686 | D:7      | You fall through a shaft for 3 floors!
  5686 | D:10     | Entered Level 10 of the Dungeon
  5810 | D:9      | Found an opulent altar of Gozag.
  5865 | D:9      | Reached skill level 14 in Axes
  5885 | D:9      | Reached **** piety under Trog
  5895 | D:9      | Found an iron altar of Okawaru.
  5896 | D:9      | Found a basalt altar of Yredelemnul.
  5897 | D:9      | Found a blossoming altar of Fedhas.
  5909 | D:9      | Got an ancient dagger
  5910 | D:9      | Identified the +9 dagger of Epiwir {venom, Int+7} (You found it on level 9 of the Dungeon)
  6069 | D:9      | Reached skill level 1 in Short Blades
  6393 | D:9      | Found a staircase to the Orcish Mines.
  6449 | D:9      | Reached skill level 5 in Short Blades
  6472 | D:9      | HP: 3/70 [poisoned by a killer bee]
  6480 | D:9      | HP: 3/70 [poisoned by a killer bee]
  6488 | D:9      | HP: 2/70 [poisoned by a killer bee]
  6836 | D:9      | Noticed a queen bee
  6875 | D:9      | Killed a queen bee
  6875 | D:9      | Reached XP level 10. HP: 39/77 MP: 9/9
  7139 | D:9      | Reached ***** piety under Trog
  7498 | D:8      | Found Fipoucarr's Antique Armour Shop.
  7602 | D:8      | Reached skill level 10 in Short Blades
  7862 | D:8      | Found a staircase to the Lair.
  8145 | D:8      | Found Juontei's Gadget Shoppe.
  8154 | D:8      | Found Faarah's Gadget Boutique.
  8161 | D:8      | Found Buypt's Magic Scroll Boutique.
  8439 | D:8      | Found Efroh Jirra's Assorted Antiques.
  8707 | D:8      | Received a gift from Trog
  9284 | D:7      | Found a shattered altar of Ashenzari.
  9700 | Orc:1    | Entered Level 1 of the Orcish Mines
  9731 | Orc:1    | Reached XP level 11. HP: 57/83 MP: 10/10
  9736 | Orc:1    | Noticed an orc knight
  9898 | D:9      | Killed an orc knight
 10351 | Orc:2    | Entered Level 2 of the Orcish Mines
 10624 | Orc:2    | Noticed Azrael
 10934 | Orc:1    | Found a roughly hewn altar of Beogh.
 11116 | Orc:1    | HP: 3/85 [Azrael/fireball (39)]
 11117 | Orc:1    | Slain by a fire elemental

Vault maps used:
D:1:      minmay_arrival_stair_chambers, st_stairs_12, grunt_decor_one_mirror,
          minmay_misc_feat_room, kennysheep_another_room
D:2:      led_sif_pool, nicolae_ru_path_of_blood, uniq_iyjb
D:3:      grunt_temple_overflow_order_and_chaos_1, lemuel_round_altar,
          first_bread
D:4:      nicolae_dithmenos_shadow_blocks, uniq_sigmund, uniq_natasha,
          uniq_duvessa
D:5:      nemelex_xobeh_ov_fountains_minmay, lightli_temple_of_fire,
          uniq_blork_the_orc, uniq_crazy_yiuf_cottage
D:6:      serial_bayou_pond_b
D:7:      overflow_temple_1_default, minmay_temple_entry_hall
D:8:      erik_lair_island, serial_shops, shop, shop_statue, shop,
          nicolae_shop_temple_entry_statues_fountains, shop_statue
D:9:      grunt_gozag_statues, gammafunk_temple_overflow_forgotten,
          hangedman_pestilent_swarm, nicolae_two_hexagons,
          kennysheep_generic_room_2
Orc:1:    basic_altar
Orc:2:    grunt_orc_cross, serial_shops, shop, uniq_azrael, uniq_rupert

Skill      XL: |  1  2  3  4  5  6  7  8  9 10 11 |
---------------+----------------------------------+-----
Axes           | 4 5 6 8 9 11 13 14 | 14.5
Short Blades   | 7 11 12 | 12.4
Armour         | 3 4 |  4.5
Fighting       | 4 |  4.4
Dodging        | |  2.4
Evocations     | |  0.5

Action                   |  1- 3 |  4- 6 |  7- 9 | 10-12 || total
-------------------------+-------+-------+-------+-------++-------
Melee: Hand axe          |    67 |   109 |   167 |       ||   343
       Headbutt          |    13 |    18 |    60 |    55 ||   146
       War axe           |       |       |    28 |       ||    28
       Dagger            |       |       |   103 |   375 ||   478
       Flail             |       |       |       |    10 ||    10
Invok: Berserk           |       |       |     1 |     1 ||     2
       Burn Spellbooks   |       |       |     1 |       ||     1
Evoke: Wand              |       |       |     1 |     1 ||     2
  Use: Potion            |     1 |       |     2 |     3 ||     6
       Scroll            |       |       |     4 |    13 ||    17
  Eat: Chunk             |     1 |     6 |    11 |    10 ||    28
       Royal jelly       |       |       |       |     2 ||     2
Armor: Animal skin       |     2 |       |       |       ||     2
       Ring mail         |    38 |    18 |    28 |       ||    84
       Chain mail        |       |       |    88 |   116 ||   204
       Plate armour      |       |       |       |    41 ||    41
Dodge: Dodged            |    63 |    57 |   113 |    98 ||   331
